 Dungeon Crawl Stone Soup version 0.19-a0-1908-g43c011f (webtiles) character file.

21 Kaname the Charmwright (level 2, -6/19 HPs)
             Began as a High Elf Wanderer on Oct 22, 2016.
             Mangled by a kobold
             ... wielding a +0 hand axe of electrocution
              (19 damage)
             ... on level 1 of the Dungeon.
             The game lasted 00:04:51 (1088 turns).

Kaname the Charmwright (High Elf Wanderer)          Turns: 1088, Time: 00:04:52

Health: -6/19      AC:  2    Str: 12    XL:     2   Next: 62%
Magic:  6/6        EV: 11    Int: 15    God:
Gold:   0          SH:  0    Dex: 13    Spells: 2 memorised, 1 level left

rFire  . . .     SeeInvis .     e - +0 dagger
rCold  . . .     Gourm    .     d - +0 robe
rNeg   . . .     Faith    .     (no shield)
rPois  .         Spirit   .     (no helmet)
rElec  .         Reflect  .     (no cloak)
rCorr  .         Harm     .     (no gloves)
MR     .....                    (no boots)
Stlth  +.........               (no amulet)
                                (no ring)
                                (no ring)

@: no status effects
A: no striking features
a: no special abilities


You were on level 1 of the Dungeon.
You were not hungry.

You visited 1 branch of the dungeon, and saw 1 of its levels.

Inventory:

Hand Weapons
 e - a +0 dagger (weapon)
 j - a +0 spear
Armour
 d - a +0 robe (worn)
Scrolls
 h - a scroll of recharging {unknown}
Books
 a - a book of Battle

   Spells                             Type                      Level
   a - Infusion                       Charms                       1
   b - Shroud of Golubria             Charms/Translocation         2
   c - Song of Slaying                Charms                       2
   d - Spectral Weapon                Hexes/Charms                 3
   e - Regeneration                   Charms/Necromancy            3
 b - the Disquisition on the Snowflakes

   Spells                             Type                      Level
   a - Throw Frost                    Conjuration/Ice              2
   b - Ensorcelled Hibernation        Hexes/Ice                    2
 c - the Tome of Conjuration

   Spells                             Type                      Level
   a - Magic Dart                     Conjuration                  1
   b - Stone Arrow                    Conjuration/Earth            3
Comestibles
 f - a bread ration
 g - 3 fruits


   Skills:
 - Level 2.0 Fighting
 - Level 2.4 Spellcasting
 + Level 1.0 Hexes
 - Level 7.2 Charms
   Level 2.0 Evocations


You had one spell level left.
You knew the following spells:

 Your Spells              Type           Power        Failure   Level  Hunger
a - Song of Slaying       Chrm           ###.....     1%          2    ###....
b - Ensorcelled Hibernat  Hex/Ice        #.....       28%         2    ###....


Dungeon Overview and Level Annotations

Branches:
Dungeon (1/15)

Altars:


Message History

You throw a tomahawk. The tomahawk closely misses the kobold.
The kobold throws a stone.
The stone hits you but does no damage.
A kobold comes into view. It is wielding a short sword.
Throwing (i - inventory):
i - 2 tomahawks (quivered)
Press: ? - help, Shift-Dir - straight line, f/p - kobold
Aim: a kobold, wielding a hand axe of electrocution
Okay, then.
Throwing (i - inventory):
i - 2 tomahawks (quivered)
Press: ? - help, Shift-Dir - straight line, f/p - kobold
Aim: a kobold, wielding a hand axe of electrocution You throw a tomahawk.
The tomahawk closely misses the kobold.
Throwing (i - inventory):
i - a tomahawk (quivered)
Press: ? - help, Shift-Dir - straight line, f/p - kobold
Aim: a kobold, wielding a hand axe of electrocution You throw a tomahawk.
The tomahawk hits the kobold.
The kobold is moderately wounded.
The kobold hits you with a hand axe of electrocution.
You are electrocuted!
Ouch! That really hurt!
You die...

########### #..........
#.#.#########
#.#.#...)...#.# #
#.#.#.#...#.#.# #.
#.#÷#.#...#.#.##### ...
#.#.#.....#.#.....# #...
####.#@###.###+#.....#
.....#..#.#K..............##
..........................+.
.......(..................##
####(....######.#.#'#.....##
.K..K....# #.#...#.###.†.
###......# #.#...#.# #.##
....#..## #.....#.# #.#
.....#..# #.#...#.# #.#


You could see a kobold.

Vanquished Creatures
  A dart slug (D:1)
  A leopard gecko (D:1)
  2 giant cockroaches (D:1)
  3 goblins (D:1)
  3 jackals (D:1)
  2 kobolds (D:1)
  3 bats (D:1)
  A frilled lizard (D:1)
16 creatures vanquished.

Notes
Turn   | Place    | Note
-------+----------+-------------------------------------------
     0 | D:1      | Kaname the High Elf Wanderer began the quest for the Orb.
     0 | D:1      | Kaname set off with: a book of Battle, the Disquisition on the Snowflakes, the Tome of Conjuration, a +0 robe, a +0 dagger, a bread ration
     0 | D:1      | Reached XP level 1. HP: 11/11 MP: 4/4
     0 | D:1      | Identified the Disquisition on the Snowflakes
     0 | D:1      | Identified the Tome of Conjuration
   244 | D:1      | Reached skill level 1 in Fighting
   323 | D:1      | Reached XP level 2. HP: 11/19 MP: 6/6
   448 | D:1      | Learned a level 2 spell: Song of Slaying
   451 | D:1      | Learned a level 2 spell: Ensorcelled Hibernation
   862 | D:1      | Reached skill level 1 in Hexes
  1088 | D:1      | Mangled by a kobold

Vault maps used:
D:1:      shiori_arrival_oz

Skill      XL: |  1  2 |
---------------+-------+-----
Fighting       | 1 2 |  2.0
Hexes          | 1 |  1.0
Spellcasting   | |  2.4
Charms         | |  7.2
Evocations     | |  2.0

Action                   || total
-------------------------++-------
Melee: Dagger            ||    78
Throw: Tomahawk          ||     7
 Stab: Sleeping          ||     1
  Eat: Chunk             ||     1
Armor: Robe              ||    18
Dodge: Dodged            ||    52
